 Dungeon Crawl Stone Soup version 0.27-a0-1065-ge809cff456 (webtiles) character file.

Game seed: 10579679952592847265

27946 leviel the Severer (level 13, -15/116 HPs)
             Began as a Hill Orc Fighter on Apr 23, 2021.
             Was an Initiate of Gozag.
             Killed from afar by Jorgrun (24 damage)
             ... with an iron shot
             ... while petrified by Jorgrun
             ... on level 12 of the Dungeon.
             The game lasted 00:32:43 (18530 turns).

leviel the Severer (Hill Orc Fighter)              Turns: 18530, Time: 00:32:44

Health: -15/116    AC: 13    Str: 22    XL:     13   Next: 35%
Magic:  13/13      EV: -1    Int: 10    God:    Gozag
Gold:   467        SH:  0    Dex: 10    Spells: 12/12 levels left

rFire    + . .     SeeInvis .   a - +1 war axe (vorpal)
rCold    + . .     Faith    .   o - +18 shield of the Gong {rElec rN+ Will+ EV-5}
rNeg     + + +     Spirit   .   d - +2 plate armour
rPois    ∞         Reflect  +   (no helmet)
rElec    +         Harm     .   p - +0 cloak
rCorr    +         Rampage  .   e - +0 pair of gloves
Will     ++...                  i - +0 pair of boots
Stlth    ..........             t - amulet of reflection
HPRegen  0.29/turn              f - ring of willpower
MPRegen  0.13/turn              C - ring of poison resistance

@: resistant, petrified, grasped by roots, corroded, hasted, constricted
A: no striking features
a: Renounce Religion, Potion Petition, Call Merchant, Bribe Branch


You were on level 12 of the Dungeon.
You worshipped Gozag.
Gozag was aware of your devotion.
You visited 4 branches of the dungeon, and saw 19 of its levels.
You also visited: Gauntlet.

You collected 3136 gold pieces.
You spent 360 gold pieces at shops.
You paid 2309 gold pieces to Gozag.

Inventory:

Hand Weapons
 a - a +1 vorpal war axe (weapon)
Missiles
 l - a curare-tipped dart
 u - 3 atropa-tipped darts (quivered)
Armour
 d - a +2 plate armour (worn)
 e - a +0 pair of gloves (worn)
 i - a +0 pair of boots (worn)
 o - the +18 shield of the Gong (worn) {rElec rN+ Will+ EV-5}
   (You found it on level 7 of the Dungeon)

   It affects your evasion (-5).
   It insulates you from electricity.
   It protects you from negative energy.
   It increases your willpower.
 p - a +0 cloak (worn)
Jewellery
 f - a ring of willpower (left hand)
 h - a ring of positive energy
 t - an amulet of reflection (around neck)
 B - the ring of the Mage {Wiz Will++ Int+3}
   (You found it on level 2 of the Lair of Beasts)

   [ring of wizardry]

   It improves your spell success rate.
   It affects your intelligence (+3).
   It greatly increases your willpower.
 C - a ring of poison resistance (right hand)
 E - a +6 ring of strength
Wands
 c - a wand of mindburst (6)
 r - a wand of polymorph (13)
 s - a wand of iceblast (17)
 w - a wand of paralysis (5)
 x - a wand of acid (11)
 A - a wand of flame (16)
Scrolls
 g - 2 scrolls of enchant armour
 j - 7 scrolls of identify
 k - a scroll of teleportation
 m - 2 scrolls of fear
 n - 2 scrolls of amnesia
 y - 2 scrolls of immolation
Potions
 v - 9 potions of curing


   Skills:
 - Level 11.4 Fighting
 - Level 16.0 Axes
 - Level 10.8 Armour
 - Level 2.8 Dodging
 + Level 13.4 Shields


You had 12 spell levels left.
You didn't know any spells.
Your spell library contained the following spells:

 Spells                   Type           Power      Damage    Failure   Level
 Foxfire                  Conj/Fire      0%         2x1d4     99%         1
 Magic Dart               Conj           0%         1d3       99%         1
 Searing Ray              Conj           0%         3d3       100%        2
 Conjure Flame            Conj/Fire      0%         6-21      100%        3
 Dazzling Flash           Conj/Hex       0%         N/A       100%        3
 Inner Flame              Hex/Fire       0%         N/A       100%        3
 Fulminant Prism          Conj/Hex       0%         3d6       100%        4
 Iskenderun's Mystic Bla  Conj/Tloc      0%         2d3       100%        4
 Sticky Flame             Conj/Fire      0%         2d3       100%        4
 Fireball                 Conj/Fire      0%         3d3       100%        5


Dungeon Overview and Level Annotations

Branches:
Dungeon (12/15)            Temple (1/1) D:4            Lair (4/6) D:9
 Shoals (0/4) Lair:3        Snake (0/4) Lair:2          Orc (2/2) D:9
Gauntlet (visited)
    Elf: Orc:2

Altars:
Ashenzari
Cheibriados
Dithmenos
Elyvilon
Fedhas
Gozag
Hepliaklqana
Kikubaaqudgha
Makhleb
Nemelex Xobeh
Okawaru
Qazlal
Ru
Sif Muna
Trog
Uskayaw
Vehumet
Wu Jian
Xom
Yredelemnul
Zin
The Shining One
Beogh

Shops:
D:2 [[=!   Lair:2 [

Portals:
Trove: D:10 (give +6 demon blade)

Annotations:
D:11 3 runed translucent doors, ArcanElement's ghost, journeyman HuFi; HendSelp's ghost, journeyman MiGl; Sobieck's ghost, journeyman DjVM
D:12 Jorgrun; Sonja
Lair:2 2 transporters, exclusion: oklob plant


Message History

The iron shot hits you!!!
The brown ugly thing moves out of view.
Your limbs are stiffening.
You completely miss Jorgrun. Jorgrun hits you but does no damage.
You have turned to stone.
Jorgrun hits you but does no damage. The brown ugly thing trunk-slaps you.
The acid corrodes you!
You are splashed with acid.
You resist.
* * * LOW HITPOINT WARNING * * *
Jorgrun mutters some incantations to himself.
Jorgrun hits you but does no damage.
The brown ugly thing trunk-slaps you but does no damage.
Sonja gestures wildly while chanting.
Sonja blinks!
Jorgrun points at you and mumbles some strange words.
Roots burst forth from the earth!
The grasping roots grab you!
* * * LOW HITPOINT WARNING * * *
The grasping roots constrict you.
The brown ugly thing trunk-slaps you but does no damage.
Jorgrun gestures at you while chanting. You resist with almost no effort.
* * * LOW HITPOINT WARNING * * *
The grasping roots constrict you! The brown ugly thing trunk-slaps you.
* * * LOW HITPOINT WARNING * * *
The acid corrodes you!
You are splashed with acid.
You resist.
* * * LOW HITPOINT WARNING * * *
Sonja is no longer moving slowly.
Jorgrun hits you but does no damage.
* * * LOW HITPOINT WARNING * * *
The grasping roots constrict you! The brown ugly thing trunk-slaps you.
You are splashed with acid.
You resist.
* * * LOW HITPOINT WARNING * * *
Jorgrun hits you but does no damage.
* * * LOW HITPOINT WARNING * * *
The grasping roots constrict you! The brown ugly thing trunk-slaps you.
* * * LOW HITPOINT WARNING * * *
You are splashed with acid.
You resist.
* * * LOW HITPOINT WARNING * * *
Jorgrun points at you and mumbles some strange words.
The iron shot hits you!!!
You die...
Your body crumbles into a pile of gold.

$ $ #≈...........# $
#≈...........#
#≈....#.....## $
#≈....##.....# #
######≈..........## .##
≈≈≈≈≈≈≈...........####..##
... #.........K..##.....##
...###.........g@.#.<.....#
.#..............u.......###
.##..............##.....#
..##....#....##...#.....#
...K....g.....##........#
.......#............##...#
...........>.........##....
........$...........## ....
...#................# ###


You could see Jorgrun, a brown ugly thing and Sonja (poisoned).

Vanquished Creatures
  Harold (D:7)
  A death knight (D:10)
  A hydra (Lair:3)
  2 two-headed ogres
  Urug (D:11)
  Nergalle (D:11)
  A fire crab (Lair:4)
  An orc knight (Orc:2)
  Pikel (D:5)
  An orc sorcerer (Orc:1)
  2 manticores
  3 black mambas
  A merfolk siren (Lair:3)
  6 cane toads
  2 kobold demonologists (D:11)
  Maggie (D:7)
  A rime drake (Lair:3)
  A freezing wraith (D:10)
  5 komodo dragons
  2 merfolk (Lair:3)
  2 polar bears
  Grinder (D:3)
  3 trolls
  4 blink frogs (Lair:2)
  A shadow (D:8)
  9 wraiths
  Eustachio (D:5)
  25 yaks
  A steam dragon (D:9)
  A basilisk (Lair:4)
  Menkaure (D:7)
  Duvessa (D:5)
  8 water moccasins
  An acid dragon (D:10)
  3 ice beasts
  9 orc warriors
  4 necrophages
  A black bear (D:5)
  3 ogres
  2 wolves (Lair:3)
  3 phantoms
  7 centaurs
  3 kobold brigands
  9 bullfrogs
  A water moccasin zombie (D:7)
  4 scorpions
  Dowan (D:5)
  A gnoll sergeant (D:9)
  4 wights (D:8)
  3 killer bees (D:10)
  A troll skeleton (D:10)
  7 howler monkeys
  6 spriggan skeletons (D:10)
  4 centaur zombies
  2 bullfrog zombies
  7 orc priests
  A bullfrog skeleton (D:6)
  A centaur skeleton (D:7)
  A gnoll shaman (Orc:1)
  3 jellies
  3 iguanas
  Crazy Yiuf (D:2)
  Ijyb (D:3)
  Natasha (D:2)
  10 orc wizards
  2 killer bee zombies (D:6)
  A hound skeleton (D:4)
  Robin (D:2)
  6 gnolls
  6 adders
  A shadow imp (D:5)
  A white imp (D:6)
  2 ufetubi
  An adder skeleton (D:4)
  2 worms (D:3)
  5 dart slugs
  54 orcs
  7 bats
  6 endoplasms
  4 giant cockroaches
  17 goblins
  10 hobgoblins
  11 jackals
  2 quokkas
  8 ball pythons
  5 frilled lizards
  13 kobolds
  4 rats (D:2)
370 creatures vanquished.

Vanquished Creatures (others)
  A bullfrog (Lair:4)
  25 fungi
  26 plants
52 creatures vanquished.

Grand Total: 422 creatures vanquished

Notes
Turn   | Place    | Note
-------+----------+-------------------------------------------
     0 | D:1      | leviel the Hill Orc Fighter began the quest for the Orb.
     0 | D:1      | Reached XP level 1. HP: 19/19 MP: 1/1
   128 | D:1      | Reached XP level 2. HP: 27/27 MP: 2/2
   197 | D:1      | Reached skill level 3 in Axes
   538 | D:1      | Reached XP level 3. HP: 28/33 MP: 3/3
  1145 | D:2      | Found Werphian's Jewellery Shoppe.
  1227 | D:2      | Reached XP level 4. HP: 38/40 MP: 4/4
  1246 | D:2      | Found Liff's Armour Emporium.
  1600 | D:2      | Found a runed translucent door.
  1601 | D:2      | Noticed Crazy Yiuf
  1638 | D:2      | Found a faded altar of an unknown god.
  1685 | D:2      | Killed Crazy Yiuf
  1686 | D:2      | Reached skill level 4 in Axes
  1853 | D:2      | Found Maedumm's Antique Armour Boutique.
  1916 | D:2      | Noticed Robin
  1966 | D:2      | Killed Robin
  1967 | D:2      | Reached XP level 5. HP: 37/46 MP: 5/5
  2254 | D:2      | Noticed Natasha
  2262 | D:2      | Killed Natasha
  2326 | D:2      | Found Imnat's Distillery.
  2611 | D:3      | Noticed Grinder
  2619 | D:3      | Paralysed by Grinder for 6 turns
  2641 | D:3      | Killed Grinder
  2642 | D:3      | Reached skill level 5 in Axes
  2642 | D:3      | Reached skill level 5 in Armour
  2642 | D:3      | Reached skill level 1 in Dodging
  2642 | D:3      | Reached XP level 6. HP: 11/53 MP: 6/6
  3175 | D:3      | Noticed Ijyb
  3190 | D:3      | Killed Ijyb
  3321 | D:3      | Reached XP level 7. HP: 60/60 MP: 7/7
  3838 | D:3      | Reached skill level 6 in Axes
  4164 | D:4      | Found a staircase to the Ecumenical Temple.
  4173 | D:4      | Reached skill level 5 in Fighting
  4214 | Temple   | Entered the Ecumenical Temple
  4407 | Temple   | Became a worshipper of Gozag Ym Sagoz the Greedy
  4614 | D:4      | Reached skill level 5 in Shields
  4813 | D:4      | Reached skill level 7 in Axes
  5001 | D:5      | Entered Level 5 of the Dungeon
  5021 | D:5      | Reached XP level 8. HP: 66/68 MP: 8/8
  5079 | D:5      | Reached skill level 8 in Axes
  5423 | D:5      | Noticed Eustachio
  5443 | D:5      | Killed Eustachio
  5512 | D:5      | Reached skill level 9 in Axes
  5934 | D:5      | Noticed Dowan
  5935 | D:5      | Noticed Duvessa
  5963 | D:5      | Killed Duvessa
  5970 | D:5      | Killed Dowan
  6203 | D:5      | Noticed Pikel
  6217 | D:5      | Killed Pikel
  6218 | D:5      | Reached skill level 10 in Axes
  6218 | D:5      | Reached XP level 9. HP: 72/78 MP: 9/9
  6732 | D:2      | Bought an amulet of reflection for 360 gold pieces
  6942 | D:6      | Reached skill level 11 in Axes
  7464 | D:7      | Found the +18 shield of the Gong {rElec rN+ Will+ EV-5}
  7475 | D:7      | Noticed Maggie
  7512 | D:7      | Killed Maggie
  7616 | D:7      | Reached XP level 10. HP: 43/86 MP: 10/10
  7861 | D:7      | Noticed Menkaure
  7884 | D:7      | Killed Menkaure
  7946 | D:7      | Reached skill level 12 in Axes
  7951 | D:7      | Noticed Harold
  7970 | D:7      | Killed Harold
  9042 | D:9      | Noticed a two-headed ogre
  9109 | D:8      | Killed a two-headed ogre
  9118 | D:9      | Reached skill level 13 in Axes
  9494 | D:9      | Reached XP level 11. HP: 83/95 MP: 11/11
  9602 | D:9      | Found a staircase to the Orcish Mines.
  9606 | D:9      | Found a roughly hewn altar of Beogh.
  9902 | D:9      | Found a staircase to the Lair.
 10191 | Orc:1    | Entered Level 1 of the Orcish Mines
 10310 | Orc:1    | Found a roughly hewn altar of Beogh.
 10350 | Orc:2    | Entered Level 2 of the Orcish Mines
 10367 | Orc:2    | Noticed an orc sorcerer
 10757 | Orc:1    | Killed an orc sorcerer
 11112 | Orc:2    | Noticed an orc knight
 11311 | Orc:2    | Killed an orc knight
 11312 | Orc:2    | Reached skill level 10 in Shields
 11396 | Orc:2    | Noticed an orc knight
 11560 | Lair:1   | Entered Level 1 of the Lair of Beasts
 11569 | Lair:1   | Reached skill level 14 in Axes
 11840 | Lair:1   | Found a gate leading to a gauntlet.
 12000 | Gauntlet | Entered a Gauntlet
 12000 | Gauntlet | Found a transporter.
 12000 | Gauntlet | Found a transporter.
 12000 | Gauntlet | Noticed a catoblepas
 12000 | Gauntlet | Noticed a soul eater
 12016 | Gauntlet | Found a transporter.
 12020 | Gauntlet | Found a transporter.
 12022 | Gauntlet | Found a large runed translucent door.
 12023 | Gauntlet | Found a large runed translucent door.
 12024 | Gauntlet | Found a large runed translucent door.
 12024 | Gauntlet | Found a large runed translucent door.
 12024 | Gauntlet | Found a runed translucent door.
 12024 | Gauntlet | Found a runed translucent door.
 12025 | Gauntlet | Found a large runed translucent door.
 12026 | Gauntlet | Found a large runed translucent door.
 12027 | Gauntlet | Found a large runed translucent door.
 12027 | Gauntlet | Found a large runed translucent door.
 12028 | Gauntlet | Found a runed translucent gate.
 12028 | Gauntlet | Found a runed translucent gate.
 12028 | Gauntlet | Found a runed translucent gate.
 12030 | Gauntlet | Found a transporter.
 12031 | Gauntlet | Noticed a thrashing horror
 12039 | Gauntlet | Found a large runed translucent door.
 12039 | Gauntlet | Found a large runed translucent door.
 12040 | Gauntlet | Found a large runed translucent door.
 12041 | Gauntlet | Found a large runed translucent door.
 12051 | Gauntlet | Found a transporter.
 12052 | Gauntlet | Found a large runed translucent door.
 12052 | Gauntlet | Found a large runed translucent door.
 12053 | Gauntlet | Found a large runed translucent door.
 12054 | Gauntlet | Found a large runed translucent door.
 12060 | Gauntlet | Found a transporter.
 12069 | Gauntlet | Found a transporter.
 12075 | Gauntlet | Found a transporter.
 12111 | Gauntlet | Found a transporter.
 12138 | Gauntlet | Found a transporter.
 12158 | Gauntlet | Found a transporter.
 12860 | Lair:2   | Found a transporter.
 13221 | Lair:2   | Reached XP level 12. HP: 87/106 MP: 12/12
 13227 | Lair:2   | Reached skill level 10 in Fighting
 13798 | Lair:2   | Reached skill level 10 in Armour
 13800 | Lair:2   | Reached skill level 15 in Axes
 13933 | Lair:2   | You fall into a shaft and drop 2 floors!
 14064 | Lair:4   | Noticed a seven-headed hydra
 14111 | Lair:3   | Found a staircase to the Shoals.
 14491 | Lair:2   | Found the ring of the Mage {Wiz Will++ Int+3}
 14583 | Lair:2   | Found a staircase to the Snake Pit.
 14610 | Lair:2   | Found a transporter.
 14792 | Lair:2   | Found a hazy altar of Hepliaklqana.
 15107 | Lair:3   | Noticed a four-headed hydra
 15114 | Lair:3   | Killed a seven-headed hydra
 15209 | Lair:3   | HP: 4/110 [lindwurm/blast of flame (11)]
 15604 | D:10     | Entered Level 10 of the Dungeon
 15640 | D:10     | Found a broken altar of Ashenzari.
 15841 | D:10     | Found a portal to a secret trove of treasure.
 16338 | D:10     | Reached XP level 13. HP: 116/116 MP: 13/13
 16582 | D:11     | Found a runed translucent gate.
 16582 | D:11     | Found a runed translucent gate.
 16582 | D:11     | Found a runed translucent gate.
 16582 | D:11     | Noticed ArcanElement's ghost (journeyman HuFi)
 16582 | D:11     | Noticed Sobieck's ghost (journeyman DjVM)
 16583 | D:11     | Noticed HendSelp's ghost (journeyman MiGl)
 16621 | D:10     | Reached skill level 16 in Axes
 17696 | D:11     | Identified the +1 chain mail of Lugonu's Castigation {Int+4
                  | Slay+4}
 17724 | D:11     | Found the +5 scythe "Finisher" {speed, eviscerate}
 17783 | D:11     | Noticed Urug
 17815 | D:11     | Killed Urug
 18139 | D:11     | Noticed Nergalle
 18156 | D:11     | Killed Nergalle
 18478 | D:12     | Noticed Sonja
 18494 | D:12     | Noticed Jorgrun
 18530 | D:12     | Killed from afar by Jorgrun

Illustrated notes

Levels and vault maps discovered:
D:1:      moated_graveyard_arrival, layout_basic
D:2:      layout_loops_cross, serial_shops, nicolae_shop_trees,
          nicolae_shop_overgrown_old_shop, shop, nicolae_shop_crystal,
          hellmonk_ecumenical_altar_zigzags, chequers_serial_rivers_large_b,
          chequers_serial_rivers_micro_d, grunt_ministairs_15,
          uniq_crazy_yiuf_cottage, uniq_robin, uniq_natasha
D:3:      layout_basic, uniq_ijyb, uniq_grinder
D:4:      layout_cave_pools, minmay_temple_entry_butterflies
D:5:      layout_basic, amcnicky_mini_corridor_feature, uniq_duvessa,
          uniq_pikel, uniq_eustachio
D:6:      layout_basic, minmay_misc_feat_more_columns, minmay_crystal_room
D:7:      layout_rooms, uniq_menkaure, uniq_maggie, uniq_harold
D:8:      layout_cave_pools
D:9:      layout_cave_pools, lair_entry_dummy, david_orc_5,
          kennysheep_nondescript, roderic_roman_lattice
D:10:     layout_basic, nicolae_ashenzari_panopticon,
          nicolae_trove_entry_diagonal, hangedman_tell_no_tales
D:11:     layout_irregular_city, gammafunk_ghost_cemetery,
          minmay_guarded_unrand_finisher, uniq_urug, uniq_nergalle
D:12:     layout_cave_pools, special_room [special_room_orc],
          minmay_crystal_box, uniq_sonja, uniq_gastronok, uniq_jorgrun
Temple:   kilobyte_greek_temple
Lair:1:   layout_long_grid, gauntlet_entry_generic
Lair:2:   gammafunk_cloud_chamber, layout_regular_city,
          minmay_snake_entry_six_corridors, minmay_lair_oklob_items,
          chequers_serial_rivers_marsh, lemuel_centaur_altar,
          infiniplex_staircase_pool_2
Lair:3:   layout_regular_city, elwin_shoals_entry_stream
Lair:4:   layout_misc_corridors, serial_bayou_shore_a
Orc:1:    layout_diamond_mine, special_room [special_room_kobold],
          nicolae_orc_lost_temple
Orc:2:    grunt_orc_cross, layout_caves, serial_shops,
          nicolae_shop_competitors_out_of_business

Skill      XL: |  1  2  3  4  5  6  7  8  9 10 11 12 13 |
---------------+----------------------------------------+-----
Fighting       | 4 5 6 7 8 9 11 | 11.4
Axes           | 3 4 5 7 10 11 13 14 15 16 | 16.0
Armour         | 4 5 6 7 8 9 10 | 10.8
Shields        | 4 5 6 7 9 10 12 13 | 13.4
Dodging        | 1 2 |  2.8

Action                   |  1- 3 |  4- 6 |  7- 9 | 10-12 | 13-15 || total
-------------------------+-------+-------+-------+-------+-------++-------
Melee: War axe           |    92 |   144 |   449 |   711 |   160 ||  1556
Throw: Boomerang         |       |       |       |       |     4 ||     4
Invok: Potion Petition   |       |       |       |     2 |     1 ||     3
       Call Merchant     |       |       |       |     1 |       ||     1
Evoke: Wand              |       |       |       |       |     2 ||     2
  Use: Potion            |       |     7 |     4 |     5 |     3 ||    19
       Scroll            |       |       |     9 |     5 |     7 ||    21
 Stab: Distracted        |       |       |       |     3 |     1 ||     4
       Invisible         |       |       |       |       |     2 ||     2
Armor: Scale mail        |    48 |    74 |    41 |       |       ||   163
       Plate armour      |       |       |   184 |   125 |    92 ||   401
       Skin              |       |       |     7 |       |       ||     7
Dodge: Dodged            |    31 |    42 |    84 |    12 |     8 ||   177
Block: Kite shield       |    45 |    62 |   242 |   904 |   240 ||  1493
       Reflection        |       |       |     1 |    20 |    13 ||    34

Table legend: (Time is in decaauts)
 A = Elapsed time spent in this place.
 B = Non-inter-level travel time spent in this place.
 C = Inter-level travel time spent in this place.
 D = Time resting spent in this place.
 E = Time spent auto-exploring this place.
 F = Levels seen in this place.
 G = Mean time per level.
                   A        B        C        D        E       F      G
               +--------+--------+--------+--------+--------+-----+--------+
         Total |  18693 |  18008 |    685 |   4492 |  10238 |  20 |  934.7 |
       Dungeon |  13150 |  12670 |    480 |   2565 |   7824 |  12 | 1095.8 |
        Temple |    225 |    225 |      0 |      0 |    187 |   1 |  225.0 |
          Lair |   3774 |   3620 |    154 |   1064 |   1895 |   4 |  943.5 |
  Orcish Mines |   1325 |   1274 |     51 |    863 |    166 |   2 |  662.5 |
      Gauntlet |    216 |    216 |      0 |      0 |    165 |   1 |  216.0 |
               +--------+--------+--------+--------+--------+-----+--------+

Top non-repeatable levels by time:
  Lair:1: 1834 daAuts
     D:2: 1650 daAuts
     D:3: 1542 daAuts
  Lair:2: 1502 daAuts
     D:5: 1348 daAuts
    D:11: 1267 daAuts
    D:10: 1250 daAuts
   Orc:1: 1145 daAuts
     D:1: 1093 daAuts
     D:6: 1062 daAuts
     D:9: 1044 daAuts
     D:7: 1011 daAuts
     D:8: 997 daAuts
     D:4: 810 daAuts
  Lair:3: 305 daAuts
